 Dungeon Crawl Stone Soup version 0.23.2-40-g277498a001 (webtiles) character file.

Game seed: 9023899153943047209

228 Blues the Shield-Bearer (level 6, -10/52 HPs)
             Began as a Hill Orc Fighter on Sept 25, 2019.
             Was an Initiate of Beogh.
             Killed by divine providence
             ... invoked by an orc priest
              (13 damage)
             ... on level 4 of the Dungeon.
             The game lasted 00:14:56 (2030 turns).

Blues the Shield-Bearer (Hill Orc Fighter)          Turns: 2030, Time: 00:14:57

Health: -10/52     AC:  4    Str: 26    XL:     6   Next: 2%
Magic:  6/6        EV:  7    Int:  8    God:    Beogh [......]
Gold:   86         SH: 15    Dex: 10    Spells: 5/5 levels left

rFire    . . .     SeeInvis .   a - +0 long sword
rCold    . . .     Gourm    .   k - +0 large shield
rNeg     . . .     Faith    .   l - +1 leather armour {rPois}
rPois    +         Spirit   .   (no helmet)
rElec    .         Reflect  .   (no cloak)
rCorr    .         Harm     .   (no gloves)
MR       .....                  (no boots)
Stlth    ++........             (no amulet)
HPRegen  0.17/turn              j - ring of stealth
MPRegen  0.10/turn              (no ring)

@: mighty, lightly drained
A: no striking features
a: Renounce Religion


You were on level 4 of the Dungeon.
You worshipped Beogh.
Beogh was noncommittal.
You were not hungry.

You visited 1 branch of the dungeon, and saw 4 of its levels.

You collected 86 gold pieces.

Inventory:

Hand Weapons
 a - a +0 long sword (weapon)
Armour
 e - a +0 plate armour
 k - a +0 large shield (worn)
 l - a +1 leather armour of poison resistance (worn)
Jewellery
 j - a ring of stealth (left hand)
Scrolls
 b - 2 scrolls of identify
 c - a scroll of fog
 h - a scroll of remove curse
 i - a scroll of magic mapping
Potions
 g - 4 potions of lignification
Comestibles
 f - a ration


   Skills:
 + Level 4.2(3.7) Fighting
 * Level 4.4(3.9) Long Blades
 + Level 4.0(3.5) Armour
 * Level 1.3(0.8) Dodging
 + Level 4.4(3.9) Shields


You had 5 spell levels left.
You didn't know any spells.
Your spell library was empty.

Dungeon Overview and Level Annotations

Branches:
Dungeon (4/15)
 Temple: D:4-7

Altars:
Trog


Message History

The orc wizard blinks!
The phantom hits you.
You barely miss the orc.
The orc is heavily wounded.
The orc wizard mumbles some strange words.
The orc wizard seems to speed up.
The orc hits you with a +0 falchion.
You hit the orc priest but do no damage.
The orc wizard gestures wildly while chanting.
The orc wizard blinks!
The orc priest invokes the aid of Beogh against you.
Beogh smites you! The phantom hits you!
* * * LOW HITPOINT WARNING * * *
The phantom blinks!
You feel very mighty all of a sudden.
The orc priest hits you with a +0 flail!
* * * LOW HITPOINT WARNING * * *
The orc priest calls down the wrath of Beogh upon you.
Beogh smites you!
You die...
Beogh appreciates the orc priest's killing of a heretic priest.

#..........#>....+.[........_...
#.....................#...##
#..##..##..##....W..####†###
#.###.####....####o.....####..#.
#.....## ##..## ##..............
######..## #..# ##..o............
.........###..###o.o#####.#......
.......#.........o#.# #.###'#.#
.....))#........@.#.## # #.#.#
.........###..###....# #.#.#
........## #..# ##...# #)#.#
.......## ##..## ##..####.# #.#.#
######.####....####.......###'#)#
#..##..##..##..o.######.....
#..........o.....#..........
#####.##...........####.....
#....#......#..# #...).


You could see a phantom, 2 orc priests, 2 orc wizards, an orc and a neutral orc
(wandering).

Vanquished Creatures
  A howler monkey (D:4)
  A jelly (D:2)
  Jessica (D:2)
  2 worker ants (D:4)
  A hound skeleton (D:4)
  2 adders
  A worm (D:2)
  A dart slug (D:2)
  A leopard gecko (D:1)
  10 orcs
  5 bats
  2 giant cockroaches
  3 goblins
  4 hobgoblins
  4 jackals (D:3)
  A kobold (D:1)
  A ball python (D:3)
  2 frilled lizards
  A rat (D:2)
44 creatures vanquished.

Notes
Turn   | Place    | Note
-------+----------+-------------------------------------------
     0 | D:1      | Blues the Hill Orc Fighter began the quest for the Orb.
     0 | D:1      | Reached XP level 1. HP: 19/19 MP: 1/1
   468 | D:2      | Reached XP level 2. HP: 27/27 MP: 2/2
   597 | D:2      | HP: 1/27 [acid (3)]
   658 | D:2      | Reached XP level 3. HP: 3/33 MP: 3/3
  1005 | D:2      | Reached XP level 4. HP: 28/40 MP: 4/4
  1052 | D:2      | Noticed Jessica
  1059 | D:2      | Killed Jessica
  1541 | D:4      | Reached skill level 1 in Dodging
  1541 | D:4      | Reached XP level 5. HP: 28/46 MP: 5/5
  1731 | D:4      | Found a bloodstained altar of Trog.
  1786 | D:4      | Reached XP level 6. HP: 33/52 MP: 6/6
  1914 | D:4      | Became a worshipper of Beogh the Brigand
  1950 | D:4      | Noticed a phantom
  2030 | D:4      | Killed from afar by an orc priest

Skill      XL: |  1  2  3  4  5 |
---------------+----------------+-----
Fighting       | 4 |  4.2
Long Blades    | 3 4 |  4.4
Shields        | 4 |  4.4
Dodging        | 1 |  1.3
Armour         | 4 |  4.0

Action                   |  1- 3 |  4- 6 || total
-------------------------+-------+-------++-------
Melee: Long sword        |    66 |   169 ||   235
Invok: Convert to Beogh  |       |     1 ||     1
  Use: Scroll            |     5 |     1 ||     6
       Potion            |     3 |     1 ||     4
  Eat: Chunk             |       |     2 ||     2
       Ration            |       |     1 ||     1
Armor: Scale mail        |     6 |       ||     6
       Plate armour      |    29 |    78 ||   107
       Leather armour    |       |     7 ||     7
Dodge: Dodged            |     8 |    18 ||    26
Block: Shield            |     6 |       ||     6
       Large shield      |    58 |   139 ||   197
       Rpst.: Long sword |     2 |     4 ||     6
